 Dungeon Crawl Stone Soup version 0.18.1-48-g4cf74bf (webtiles) character file.

224 Heedrag the Conjurer (level 5, -3/28 HPs)
             Began as a Deep Elf Conjurer on Aug 27, 2016.
             Slain by a centaur zombie (6 damage)
             ... on level 6 of the Dungeon.
             The game lasted 00:06:24 (2706 turns).

Heedrag the Conjurer (Deep Elf Conjurer)            Turns: 2706, Time: 00:06:25

Health: -3/28      AC:  5    Str:  6    XL:     5   Next: 67%
Magic:  10/14      EV: 13    Int: 20    God:
Gold:   150        SH:  0    Dex: 15    Spells: 3 memorised, 4 levels left

rFire  . . .     SeeInvis .     f - +1 dagger (protect)
rCold  . . .     Gourm    .     a - +0 robe
rNeg   . . .     Faith    .     (no shield)
rPois  .         Spirit   .     (no helmet)
rElec  .         Dismiss  .     (no cloak)
rCorr  .         Reflect  .     (no gloves)
SustAt .         Harm     .     w - +0 pair of boots (curse)
MR     .....                    l - amulet of regeneration
Stlth  ++........               (no ring)
                                y - -3 ring of protection (curse)

@: not resistant to hostile enchantments, unstealthy
A: no striking features
a: no special abilities


You were on level 6 of the Dungeon.
You were not hungry.

You visited 1 branch of the dungeon, and saw 4 of its levels.

You collected 150 gold pieces.

Inventory:

Hand Weapons
 d - a +0 spear
 f - a +1 dagger of protection (weapon)
 D - a +4 rapier of holy wrath
Missiles
 g - 3 curare-tipped needles
Armour
 a - a +0 robe (worn)
 w - a cursed +0 pair of boots (worn)
Jewellery
 l - an amulet of regeneration (around neck)
 x - an uncursed amulet of faith
 y - a cursed -3 ring of protection (left hand)
Scrolls
 e - 2 scrolls of enchant armour {unknown}
 h - 2 scrolls of fear {unknown}
 j - a scroll of enchant weapon {unknown}
 p - 3 scrolls of teleportation {unknown}
 v - 4 scrolls of identify {unknown}
 B - a scroll of remove curse {unknown}
 C - a scroll of blinking {unknown}
Potions
 i - a potion of cancellation {unknown}
 k - a potion of heal wounds {unknown}
 m - 3 potions of curing {unknown}
 n - a potion of mutation {unknown}
 o - a potion of cure mutation {unknown}
 q - a potion of haste {unknown}
 r - a potion of berserk rage {unknown}
 s - a potion of flight {unknown}
 t - a potion of degeneration {unknown}
 A - a potion of invisibility {unknown}
 E - a potion of resistance {unknown}
Books
 b - a book of Conjurations

   Spells                             Type                      Level
   a - Magic Dart                     Conjuration                  1
   b - Searing Ray                    Conjuration                  2
   c - Dazzling Spray                 Conjuration/Hexes            3
   d - Fulminant Prism                Conjuration/Hexes            4
   e - Iskenderun's Mystic Blast      Conjuration                  4
   f - Iskenderun's Battlesphere      Conjuration/Charms           5
Comestibles
 c - 2 bread rations
 u - a meat ration
 z - a chunk of flesh


   Skills:
 - Level 2.4 Dodging
 - Level 2.4 Stealth
 + Level 5.1 Spellcasting
 * Level 6.6 Conjurations
 + Level 1.5 Charms


You had 4 spell levels left.
You knew the following spells:

 Your Spells              Type           Power        Failure   Level  Hunger
a - Magic Dart            Conj           ####         1%          1    None
b - Iskenderun's Mystic   Conj           ####....     10%         4    ####...
c - Iskenderun's Battles  Conj/Chrm      ###.....     71%         5    #####..


Dungeon Overview and Level Annotations

Branches:
Dungeon (6/15)
 Temple: D:4-7

Altars:
Elyvilon
Pakellas
The Shining One


Message History

Tha orc wizard flickers an' vanishes!
Deactivatin' autopickup; reactivate wit' Ctrl-A.
Tha centaur zombie barely misses ye.
A puff o' flame appears from outta thin air!
Tha puff o' flame hits tha centaur zombie.
A puff o' flame appears from outta thin air!
Tha puff o' flame hits tha centaur zombie.
Tha centaur zombie closely misses ye.
Tha centaur zombie hits ye.
* * * LOW HITPOINT WARNIN'
* * * Tha centaur zombie resists wit' significant effort.
Tha centaur zombie barely misses ye.
Tha centaur zombie closely misses ye.
Tha orc warrior hits ye wit' a short sword.
* * * LOW HITPOINT WARNIN'
* * * Tha centaur zombie hits ye but does nay damage.
Tha orc warrior hits ye wit' a short sword.
* * * LOW HITPOINT WARNIN'
* * * Tha centaur zombie hits ye.
Ye die...

###.# .# # #........ ..#
#.......# ..+ #.......#
..# +.......+
##########.......#
...?.............#
.................+
................@########
................oZ......#
........................#
........................#
.##+###########+#.......#
.# #.......# [# #.......#
.### #.......# ...#
.########


You could see an orc warrior and a centaur zombie.

Vanquished Creatures
  Jessica (D:3)
  2 orc wizards (D:3)
  A worker ant (D:2)
  3 adders
  A worm (D:2)
  2 dart slugs
  8 giant geckos
  7 orcs
  4 giant cockroaches
  9 goblins
  8 hobgoblins
  4 jackals (D:3)
  10 kobolds
  A bat (D:2)
  4 giant newts
  2 quokka skeletons (D:6)
  10 rats
77 creatures vanquished.

Notes
Turn   | Place    | Note
--------------------------------------------------------------
     0 | D:1      | Heedrag the Deep Elf Conjurer began the quest for the Orb.
     0 | D:1      | Reached XP level 1. HP: 10/10 MP: 6/6
   151 | D:1      | Reached XP level 2. HP: 15/15 MP: 1/8
   514 | D:1      | Reached skill level 5 in Conjurations
   830 | D:2      | Reached XP level 3. HP: 19/19 MP: 5/10
  1447 | D:2      | Reached XP level 4. HP: 24/24 MP: 8/12
  1569 | D:2      | Learned a level 4 spell: Iskenderun's Mystic Blast
  1681 | D:3      | Found a white marble altar of Elyvilon.
  1737 | D:3      | Noticed Jessica
  1743 | D:3      | Killed Jessica
  1743 | D:3      | Reached skill level 6 in Conjurations
  1775 | D:3      | Noticed Terence
  1804 | D:3      | Reached XP level 5. HP: 27/28 MP: 2/14
  1859 | D:3      | Learned a level 5 spell: Iskenderun's Battlesphere
  1890 | D:3      | Reached skill level 5 in Spellcasting
  1890 | D:3      | Reached skill level 1 in Charms
  1989 | D:3      | Found an oddly glowing altar of Pakellas.
  2028 | D:3      | Found a faded altar to an unknown god.
  2398 | D:3      | Found a glowing golden altar of the Shining One.
  2487 | D:3      | You fall through a shaft for 3 floors!
  2546 | D:6      | Noticed an orc warrior
  2706 | D:6      | Slain by a centaur zombie

Skill      XL: |  1  2  3  4  5 |
---------------+----------------+-----
Conjurations   | 5 6 |  6.6
Spellcasting   | 4 5 |  5.1
Charms         | 1 |  1.5
Dodging        | |  2.4
Stealth        | |  2.4

Action                   |  1- 3 |  4- 6 || total
-------------------------+-------+-------++-------
Melee: Dagger            |    13 |     6 ||    19
 Cast: Magic Dart        |    95 |    87 ||   182
  Eat: Chunk             |     1 |     4 ||     5
Armor: Robe              |     7 |    11 ||    18
Dodge: Dodged            |     9 |    24 ||    33
